 Dungeon Crawl Stone Soup version 0.27-a0-1140-g099f9bb0e8 (webtiles) character file.

Game seed: 11152902725195976243

47 HoaS the Bolt Thrower (level 3, 0/21 HPs)
             Began as a Kobold Hunter on May 9, 2021.
             Slain by a water moccasin (1 damage)
             ... on level 2 of the Dungeon.
             The game lasted 00:06:11 (2123 turns).

HoaS the Bolt Thrower (Kobold Hunter)               Turns: 2123, Time: 00:06:12

Health: 0/21       AC:  7    Str: 10    XL:     3   Next: 97%
Magic:  3/3        EV: 13    Int: 12    God:
Gold:   53         SH:  0    Dex: 15    Spells: 2/2 levels left

rFire    . . .     SeeInvis .   b - +0 short sword
rCold    . . .     Faith    .   (shield restricted)
rNeg     . . .     Spirit   .   k - +0 ring mail
rPois    .         Reflect  .   (no helmet)
rElec    .         Harm     .   (no cloak)
rCorr    .         Rampage  .   e - +1 pair of gloves
Will     .....                  (no boots)
Stlth    +++.......             (no amulet)
HPRegen  0.07/turn              (no ring)
MPRegen  0.08/turn              (no ring)

@: lethally poisoned (0 -> -23)
A: small, no large weapons, nightstalker 3
a: no special abilities


You were on level 2 of the Dungeon.
You visited 1 branch of the dungeon, and saw 2 of its levels.

You collected 53 gold pieces.

Inventory:

Hand Weapons
 a - a +1 hand crossbow
 b - a +0 short sword (weapon)
Missiles
 d - 43 bolts
Armour
 e - a +1 pair of gloves (worn)
 k - a +0 ring mail (worn)
Scrolls
 c - a scroll of enchant weapon {unknown}
Potions
 f - a potion of mutation {unknown}
 g - a potion of flight
 j - a potion of resistance {unknown}


   Skills:
 - Level 2.1 Fighting
 + Level 0.6 Short Blades
 * Level 5.9 Crossbows
 - Level 2.4 Dodging
 + Level 2.9 Stealth


You had 2 spell levels left.
You didn't know any spells.
Your spell library was empty.

Dungeon Overview and Level Annotations

Branches:
Dungeon (2/15)

Altars:


Innate Abilities, Weirdness & Mutations

You are small and have problems with some larger weapons.
You are completely attuned to the shadows.


Message History

You catch the helpless goblin completely off-guard!
You puncture the goblin!
You kill the goblin!
No target in view!
f - a bubbling golden potion You see here a +0 club.
A hobgoblin comes into view.
Found 13 gold pieces.
You hit the hobgoblin.
The hobgoblin is severely wounded.
The hobgoblin hits you but does no damage.
You hit the hobgoblin.
You kill the hobgoblin!
No target in view!
You now have 53 gold pieces (gained 13).
A water moccasin comes into view.
The water moccasin hisses angrily.
A water moccasin is nearby!
The water moccasin bites you.
You hit the water moccasin.
The water moccasin is moderately wounded.
The water moccasin bites you.
You hit the water moccasin but do no damage.
The water moccasin is moderately wounded.
The water moccasin closely misses you. The water moccasin bites you.
You are lethally poisoned!
The water moccasin poisons you!
You hit the water moccasin.
The water moccasin is moderately wounded.
* * * LOW HITPOINT WARNING * * *
You feel very sick. The water moccasin misses you.
You hit the water moccasin.
The water moccasin is moderately wounded.
* * * LOW HITPOINT WARNING * * *
You feel sick. The water moccasin bites you.
* * * LOW HITPOINT WARNING * * *
You are more poisoned.
The water moccasin poisons you! The water moccasin bites you.
You die...

#########
#...@S...
#.#######
#.# #.#
#.# #.#
#.###
#...#
###.#


You could see a water moccasin.

Vanquished Creatures
  2 dart slugs (D:1)
  5 bats
  3 endoplasms
  3 hobgoblins
  2 jackals (D:1)
  A quokka (D:1)
  6 ball pythons
  5 frilled lizards
  3 goblins
  8 kobolds (D:1)
  4 rats (D:1)
  2 bushes (D:1)
44 creatures vanquished.

Vanquished Creatures (others)
  10 plants (D:1)
10 creatures vanquished.

Grand Total: 54 creatures vanquished

Notes
Turn   | Place    | Note
-------+----------+-------------------------------------------
     0 | D:1      | HoaS the Kobold Hunter began the quest for the Orb.
     0 | D:1      | Reached XP level 1. HP: 12/12 MP: 1/1
    79 | D:1      | Reached skill level 5 in Crossbows
   211 | D:1      | Reached XP level 2. HP: 16/17 MP: 2/2
   513 | D:1      | Reached XP level 3. HP: 16/21 MP: 3/3
  2118 | D:2      | Noticed a water moccasin
  2123 | D:2      | HP: 1/21 [water moccasin (2)]
  2123 | D:2      | Slain by a water moccasin

Illustrated notes

Levels and vault maps discovered:
D:1:      ebering_trefoil_3fold, layout_loops_ring, lexackson_kobold_supper
D:2:      layout_loops_ring, minmay_misc_feat_roman

Skill      XL: |  1  2 |
---------------+-------+-----
Crossbows      | 5 |  5.9
Stealth        | 2 |  2.9
Fighting       | |  2.1
Short Blades   | |  0.6
Dodging        | |  2.4

Action                   || total
-------------------------++-------
Melee: Short sword       ||   595
  Use: Scroll            ||     3
 Stab: Sleeping          ||    17
       Distracted        ||     1
Armor: Leather armour    ||    26
       Ring mail         ||     1
Dodge: Dodged            ||    74

Table legend: (Time is in decaauts)
 A = Elapsed time spent in this place.
 B = Non-inter-level travel time spent in this place.
 C = Inter-level travel time spent in this place.
 D = Time resting spent in this place.
 E = Time spent auto-exploring this place.
 F = Levels seen in this place.
 G = Mean time per level.
                   A        B        C        D        E       F      G
               +--------+--------+--------+--------+--------+-----+--------+
         Total |   2181 |   2148 |     33 |    367 |    925 |   2 | 1090.5 |
       Dungeon |   2181 |   2148 |     33 |    367 |    925 |   2 | 1090.5 |
               +--------+--------+--------+--------+--------+-----+--------+

Top non-repeatable levels by time:
     D:1: 1848 daAuts
     D:2: 332 daAuts
